AoeStats
← VL LocoBarry

Lombardia

509699522Analyzed
4v4 RM · 4d ago on Sep 27, 2026· 19m 44s· 8 players
Game mode
Random Map
Map size
Large (8 player)
Population
200
Speed
Normal
Resources
Standard
Victory
Conquest
Starting age
Dark Age
Ending age
Imperial Age
RankedLock teamsTeams togetherTeam positionsShared explorationLock speedFull tech treeHidden civsTurbo modeCheats
Victory
Defeat
🇩🇪 Japanese · Germany
1612
+16
🇩🇪 Tatars · Germany
1598
+16
🇩🇪 Armenians · Germany
1545
+18
1517
+19
🇨🇱 Maya · Chile
1703
-22
🇺🇸 Khitans · United States
1623
-18
🇲🇽 Franks · Mexico
1541
-15
🇲🇽 Aztecs · Mexico
1527
-14
🦌 Magge
8:19 Loom
10:34 Feudal Age
14:12 Castle Age
12:42 Double-Bit Axe
14:02 Horse Collar
🦌 KirschkernKIssen
8:13 Double-Bit Axe
8:29 Loom
10:46 Feudal Age
9:32 Horse Collar
15:17 Castle Age
14:49 Bow Saw
15:11 Scale Barding Armor
15:46 Scale Mail Armor
17:17 Two-Man Saw
16:55 Heavy Plow
🦌 Jolly Jumper
9:04 Feudal Age
9:09 Man-at-Arms
10:50 Arson
11:44 Loom
12:56 Double-Bit Axe
12:52 Horse Collar
21:18 Castle Age
19:30 Fletching
20:12 Padded Archer Armor
🦌 Pumbaa♡♡♡
9:36 Feudal Age
13:55 Castle Age
12:45 Double-Bit Axe
12:42 Horse Collar
13:47 Fletching
16:55 Bodkin Arrow
VL SlenderMan
8:56 Loom
11:13 Feudal Age
15:49 Castle Age
14:16 Double-Bit Axe
14:11 Domestication
16:41 Bow Saw
16:31 Pastoralism
17:09 Wheelbarrow
VL Carlos Manzo
9:46 Feudal Age
11:27 Loom
14:32 Fletching
18:08 Wheelbarrow
VL Bob
10:37 Feudal Age
14:38 Castle Age
14:40 Double-Bit Axe
14:35 Horse Collar
VL LocoBarry
0:29 Loom
10:50 Feudal Age
16:01 Castle Age
15:05 Stone Mining
15:01 Double-Bit Axe
15:11 Horse Collar
17:26 Fletching
18:42 Bodkin Arrow
20:01 Padded Archer Armor
Connection lost

Rejoining the realm…

Still unreachable

The connection could not be restored.

Session expired

The server has moved on; the page needs a fresh start.